 Dungeon Crawl Stone Soup version 0.22.0-38-g04b72b8 (webtiles) character file.

128 Blombadil the Sneak (level 5, -5/32 HPs)
             Began as a Kobold Berserker on Aug 30, 2018.
             Was a Believer of Trog.
             Slain by a gnoll
             ... wielding a +0 whip
              (8 damage)
             ... on level 3 of the Dungeon.
             The game lasted 00:10:51 (1764 turns).

Blombadil the Sneak (Kobold Berserker)              Turns: 1764, Time: 00:10:52

Health: -5/32      AC:  5    Str: 14    XL:     5   Next: 33%
Magic:  5/5        EV: 14    Int:  8    God:    Trog [**....]
Gold:   85         SH:  0    Dex: 16    Spells: 4/4 levels left

rFire    + . .     SeeInvis .   a - +0 short sword
rCold    . . .     Gourm    .   (shield restricted)
rNeg     . . .     Faith    .   n - +0 ring mail
rPois    .         Spirit   .   (no helmet)
rElec    .         Reflect  .   (no cloak)
rCorr    .         Harm     .   (no gloves)
MR       .....                  (no boots)
Stlth    ++........             (no amulet)
HPRegen  0.10/turn              l - ring of protection from fire
MPRegen  0.09/turn              t - ring of attention (curse)

@: berserk cooldown, slowed, very slow
A: small, carnivore
a: Berserk, Trog's Hand, Renounce Religion


You were on level 3 of the Dungeon.
You worshipped Trog.
Trog was pleased with you.
You were very full.

You visited 1 branch of the dungeon, and saw 3 of its levels.

You collected 85 gold pieces.

Inventory:

Hand Weapons
 a - a +0 short sword (weapon)
Missiles
 f - 73 bolts
Armour
 b - a +0 animal skin
 n - a +0 ring mail (worn)
Jewellery
 l - a ring of protection from fire (left hand)
 r - an uncursed ring of positive energy
 t - a cursed ring of attention (right hand)
Wands
 s - a wand of acid (6)
Scrolls
 i - 2 scrolls of identify {unknown}
 p - 2 scrolls of remove curse {unknown}
Potions
 d - 2 potions of agility {unknown}
 e - a potion of berserk rage {unknown}
 g - 4 potions of lignification {unknown}
 h - a potion of invisibility {unknown}
 j - 2 potions of might {unknown}
 m - a potion of brilliance {unknown}
 o - 3 potions of curing
 q - a potion of magic {unknown}
Comestibles
 c - 3 rations
 k - 4 chunks of flesh


   Skills:
 - Level 3.5 Fighting
 - Level 4.2 Short Blades
 - Level 1.6 Armour
 - Level 2.5 Dodging
 + Level 6.2 Stealth


You had 4 spell levels left.
You didn't know any spells.
Your spell library was empty.

Dungeon Overview and Level Annotations

Branches:
Dungeon (3/15)

Altars:


Innate Abilities, Weirdness & Mutations

You are small and have problems with some larger weapons.
You are carnivorous and can eat meat at any time.


Message History

The gnoll is severely wounded.
The gnoll hits you but does no damage. The gnoll hits you with a whip.
* * * LOW HITPOINT WARNING * * *
You closely miss the gnoll.
The gnoll is severely wounded.
The gnoll completely misses you.
You hit the gnoll.
The gnoll is almost dead.
The gnoll hits you with a whip!
* * * LOW HITPOINT WARNING * * *
You barely miss the gnoll.
The gnoll is almost dead.
The gnoll hits you but does no damage. The gnoll misses you.
You barely miss the gnoll.
The gnoll is almost dead.
The gnoll hits you but does no damage.
You closely miss the gnoll.
The gnoll is almost dead.
The gnoll hits you with a whip!
You die...

.... ..# .#.#
.. # ...
.###.b. ..#
###.....#
..####
#$....#
<...(#
#)###.#
#.##.#######
#†#
..##.......##
#g#
##########..#
#@# #
##.####.# #
#......# #
#####..# #
#### # # # #


You could see a gnoll.

Vanquished Creatures
  A jelly (D:2)
  2 adders (D:2)
  3 gnolls (D:3)
  3 dart slugs (D:2)
  A leopard gecko (D:1)
  A giant cockroach (D:2)
  5 goblins
  5 hobgoblins
  2 jackals (D:1)
  A quokka (D:2)
  8 bats
  2 frilled lizards (D:2)
  4 kobolds
  6 rats
44 creatures vanquished.

Notes
Turn   | Place    | Note
-------+----------+-------------------------------------------
     0 | D:1      | Blombadil the Kobold Berserker began the quest for the Orb.
     0 | D:1      | Reached XP level 1. HP: 14/14 MP: 1/1
   212 | D:1      | Reached XP level 2. HP: 16/19 MP: 2/2
   253 | D:1      | Reached skill level 1 in Stealth
   424 | D:1      | You fall through a shaft!
   473 | D:1      | Reached skill level 2 in Stealth
   490 | D:1      | Reached XP level 3. HP: 23/23 MP: 3/3
   730 | D:2      | Reached ** piety under Trog
   751 | D:2      | Reached skill level 3 in Stealth
  1246 | D:2      | Reached skill level 4 in Stealth
  1298 | D:2      | Reached XP level 4. HP: 28/28 MP: 4/4
  1426 | D:2      | Reached skill level 5 in Stealth
  1686 | D:3      | Reached XP level 5. HP: 30/32 MP: 5/5
  1741 | D:3      | Reached skill level 6 in Stealth
  1764 | D:3      | Slain by a gnoll

Skill      XL: |  1  2  3  4  5 |
---------------+----------------+-----
Stealth        | 2 4 5 6 |  6.2
Fighting       | |  3.5
Short Blades   | |  4.2
Armour         | |  1.6
Dodging        | |  2.5

Action                   |  1- 3 |  4- 6 || total
-------------------------+-------+-------++-------
Melee: Short sword       |    93 |    61 ||   154
Invok: Berserk           |     6 |     2 ||     8
  Use: Potion            |     1 |       ||     1
 Stab: Sleeping          |     6 |     3 ||     9
  Eat: Chunk             |    14 |     3 ||    17
Armor: Animal skin       |    11 |       ||    11
       Ring mail         |    14 |    19 ||    33
Dodge: Dodged            |    64 |    36 ||   100
